 Dungeon Crawl Stone Soup version 0.31-a0-4-gefa6de2278 (webtiles) character file.

Game seed: 14967598389087527040

102 cheesebisquit the Grave Robber (level 4, -3/33 HPs)
             Began as a Ghoul Necromancer on May 4, 2023.
             Slain by an orc
             ... wielding a +2 trident of distortion
              (7 damage)
             ... on level 3 of the Dungeon.
             The game lasted 00:07:06 (3398 turns).

cheesebisquit the Grave Robber (Ghoul Necromancer)  Turns: 3398, Time: 00:07:07

Health: -3/33      AC:  3    Str: 11    XL:     4   Next: 78%
Magic:  6/7        EV: 11    Int: 12    God:
Gold:   75         SH:  0    Dex:  9    Spells: 1/9 levels left

rFire   . . .        (no weapon)
rCold   + + .        (no shield)
rNeg    + + +        d - +0 leather armour
rPois   ∞            (no helmet)
rElec   .            (no cloak)
rCorr   .            (no gloves)
SInv    .            (no boots)
Will    .....        (no amulet)
Stlth   +            a - ring of protection from cold
HPRegen 0.00/turn    (no ring)
MPRegen 0.10/turn

%: no passive effects
@: inhibited regen
A: claws 1, cold resistance 1, negative energy resistance 3, inhibited
regeneration, torment resistance 2, devour on kill
a: no special abilities


You were on level 3 of the Dungeon.
You visited 1 branch of the dungeon, and saw 3 of its levels.

You collected 75 gold pieces.

Inventory:

Missiles
 m - 6 poisoned darts
Armour
 d - a +0 leather armour (worn)
 p - a +0 buckler
Jewellery
 a - a ring of protection from cold (left claw)
 o - an amulet of guardian spirit
Scrolls
 c - 2 scrolls of teleportation {unknown}
 e - a scroll of blinking {unknown}
 g - a scroll of acquirement {unknown}
 i - a scroll of noise {unknown}
 n - a scroll of identify {unknown}
Potions
 f - 3 potions of heal wounds {unknown}
 h - a potion of attraction {unknown}
 j - a potion of mutation {unknown}
 k - a potion of flight {unknown}
 l - a potion of invisibility {unknown}


   Skills:
 - Level 1.7 Dodging
 - Level 2.1 Stealth
 + Level 3.1 Spellcasting
 + Level 5.1 Necromancy


You had one spell level left.
You knew the following spells:

 Your Spells              Type           Power      Damage    Failure   Level
a - Necrotise             Necr           56%        1d6       4%          1
b - Vampiric Draining     Necr           14%        2d7       12%         3
c - Animate Dead          Necr           14%        N/A       36%         4

Your spell library contained the following spells:

 Spells                   Type           Power      Damage    Failure   Level
 Ensorcelled Hibernation  Hex/Ice        2%         N/A       43%         2
 Anguish                  Hex/Necr       4%         N/A       73%         4
 Agony                    Necr           14%        N/A       73%         5
 Spider Form              Tmut/Pois      Unusable   N/A       N/A         3

Dungeon Overview and Level Annotations

Branches:
Dungeon (3/15)

Altars:


Innate Abilities, Weirdness & Mutations

You are immune to poison.
You have sharp fingernails.
Your flesh is cold resistant. (rC+)
You are immune to negative energy. (rN+++)
You do not regenerate when monsters are visible.
You are immune to unholy pain and torment.
You thrive by killing the living.


Message History

Found a bubbling red potion.
The frilled lizard writhes in agony.
You kill the frilled lizard!
The dead are walking!
The orc hits your frilled lizard skeleton with a +2 trident of distortion!
Your frilled lizard skeleton is destroyed!
The orc writhes in agony.
The quokka twitches its whiskers.
The quokka writhes in agony.
The quokka writhes in agony.
The quokka bites you but does no damage.
The orc hits you from afar with a +2 trident of distortion.
Space warps around you.
The quokka writhes in agony.
You kill the quokka!
The dead are hopping!
The adder closely misses you. The orc barely misses you.
The adder writhes in agony.
The adder bites you. The orc barely misses you.
The adder barely resists.
The adder barely misses you. The adder bites you but does no damage.
Your quokka skeleton bites the adder.
The orc hits you from afar with a +2 trident of distortion.
Space warps around you.
You scratch the adder but do no damage.
The adder is moderately wounded.
The adder closely misses you.
The orc hits you from afar with a +2 trident of distortion.
You blink.
Your quokka skeleton bites the adder.
Magic courses through your body. The adder bites your quokka skeleton.
The orc hits you from afar with a +2 trident of distortion.
Space warps around you.
* * * LOW HITPOINT WARNING * * *
Your quokka skeleton barely misses the adder.
Aiming: Necrotise (safe; 4% risk of failure)
Press: ? - help, Q - select action, (/) - cycle Shift-Dir - straight line, f/p - adder
Aim: an adder (heavily wounded, not watching you, ally target, chance to affect: 78%)
The adder barely resists.
The adder bites you.
* * * LOW HITPOINT WARNING * * *
The adder bites you but does no damage.
Your quokka skeleton bites the adder.
The orc hits you from afar with a +2 trident of distortion!
You die...

#..................##.#####.#####
#..#.#.#.#.####........####......
#..#.#.###########.#####.>..#####
#..#.#.# ........#.# #.##.#
...#.#.# .≈≈..≈≈.#.#####.##.#
.....#.# .≈♣..♣≈.#.......##.##
#.#..#.. .......o'§..........#
#.#..#.# ....!...SZ########..#
#.#..#.# ♣..♣≈@#.# #..# ..#..#.#
.≈≈..≈≈.#.########..# ###..#.#
........#...........####
###..#.###########.########......
.........##.##.######## ##.####
.##.##.####.##........# #.#
.......(....#########.# #.#
....##########......#.# #.####
.....# #.####.#.# #.....


You could see an adder (ally target), an orc and a friendly quokka skeleton.

Vanquished Creatures
  Terence (D:2)
  An adder (D:2)
  A worm (D:3)
  A dart slug (D:1)
  2 orcs
  4 ball pythons
  3 endoplasms
  2 giant cockroaches (D:3)
  3 goblins
  5 hobgoblins
  9 jackals
  3 quokkas
  5 bats
  4 frilled lizards
  3 rats
47 creatures vanquished.

Vanquished Creatures (collateral kills)
  2 dart slugs
  A hobgoblin (D:3)
  A frilled lizard (D:1)
  A goblin (D:3)
  A kobold (D:3)
6 creatures vanquished.

Grand Total: 53 creatures vanquished

Notes
Turn   | Place    | Note
-------+----------+-------------------------------------------
     0 | D:1      | cheesebisquit the Ghoul Necromancer began the quest for the
                  | Orb.
     0 | D:1      | Reached XP level 1. HP: 14/14 MP: 2/2
   144 | D:1      | Reached XP level 2. HP: 15/20 MP: 0/4
  1197 | D:2      | Noticed Terence
  1508 | D:2      | Reached XP level 3. HP: 26/26 MP: 2/5
  1827 | D:2      | Killed Terence
  1828 | D:2      | Reached XP level 4. HP: 26/33 MP: 1/7
  2621 | D:3      | Learned a level 3 spell: Vampiric Draining
  2626 | D:3      | Learned a level 4 spell: Animate Dead
  2672 | D:3      | Reached skill level 5 in Necromancy
  2932 | D:3      | Found a faded altar of an unknown god.
  3398 | D:3      | Slain by an orc

Illustrated notes

Levels and vault maps discovered:
D:1:      dpeg_arrival_solitude, layout_loops_cross, minmay_misc_feat_hallway,
          minmay_tromino_i2
D:2:      layout_basic, uniq_terence
D:3:      layout_basic, ebering_ecumenical_altar_box, kennysheep_generic_room_5

Skill      XL: |  1  2  3  4 |
---------------+-------------+-----
Spellcasting   | 2 3 |  3.1
Necromancy     | 5 |  5.1
Dodging        | |  1.7
Stealth        | |  2.1

Action                     |  1- 3 |  4- 6 || total
---------------------------+-------+-------++-------
  Melee: Unarmed           |    21 |    27 ||    48
         Punch             |       |     1 ||     1
   Cast: Necrotise         |    53 |    62 ||   115
    Use: Potion            |     1 |     1 ||     2
 Armour: Leather armour    |     9 |    18 ||    27
  Dodge: Dodged            |    18 |    40 ||    58

Table legend: (Time is in decaauts)
 A = Elapsed time spent in this place.
 B = Non-inter-level travel time spent in this place.
 C = Inter-level travel time spent in this place.
 D = Time resting spent in this place.
 E = Time spent auto-exploring this place.
 F = Levels seen in this place.
 G = Mean time per level.
                   A        B        C        D        E       F      G
               +--------+--------+--------+--------+--------+-----+--------+
         Total |   3401 |   3219 |    182 |      0 |   2822 |   3 | 1133.7 |
       Dungeon |   3401 |   3219 |    182 |      0 |   2822 |   3 | 1133.7 |
               +--------+--------+--------+--------+--------+-----+--------+

Top non-repeatable levels by time:
     D:1: 1289 daAuts
     D:3: 1112 daAuts
     D:2: 999 daAuts
